 Dungeon Crawl Stone Soup version 0.30.1-1-g62c8e00024 (webtiles) character file.

Game seed: 1708896271048047338

30947 DemonSlayer the Thaumaturge (level 13, 0/85 HPs)
             Began as a Demonspawn Earth Elementalist on July 15, 2023.
             Was a High Priest of Dithmenos.
             Slain by a two-headed ogre
             ... wielding a +0 giant spiked club
              (7 damage)
             ... on level 2 of the Orcish Mines.
             The game lasted 00:47:28 (19249 turns).

DemonSlayer the Thaumaturge (DsEE)                 Turns: 19249, Time: 00:47:29

Health: 0/85       AC: 17    Str: 13    XL:     13   Next: 23%
Magic:  8/47       EV: 13    Int: 22    God:    Dithmenos [*****.]
Gold:   1684       SH:  0    Dex: 25    Spells: 3/36 levels left

rFire   + . .        h - +2 dagger (drain)
rCold   . . .        (no shield)
rNeg    . . .        Q - +4 ring mail of Satisfaction {rC+ MP+9}
rPois   .            z - +1 helmet
rElec   .            L - +2 cloak {Stlth+}
rCorr   .            l - +0 pair of gloves
SInv    .            b - +0 pair of boots
Will    .....        R - amulet "Xepaesei" {Regen+ Dex+5}
Stlth   +++++++      i - ring of magical power
HPRegen 1.14/turn    P - ring of Weah {Fire Str+4 Dex+3}
MPRegen 0.30/turn

%: no passive effects
@: about to teleport, wreathed by umbra
A: ignite blood 3, spiny 2, big brain 2
a: Renounce Religion, Shadow Step, Shadow Form


You were on level 2 of the Orcish Mines.
You worshipped Dithmenos.
Dithmenos was extremely pleased with you.
You visited 4 branches of the dungeon, and saw 16 of its levels.
You also visited: Ossuary and Gauntlet.

You collected 1684 gold pieces.

Inventory:

Hand Weapons
 h - a +2 dagger of draining (weapon)
 o - the +1 arbalest "Maucoh" {freeze, Str+4 Dex+3}
   (You found it in a Gauntlet)

   Str:       It affects your strength (+4).
   Dex:       It affects your dexterity (+3).
Missiles
 j - 6 curare-tipped darts
 E - 5 atropa-tipped darts
 F - a throwing net
Armour
 b - a +0 pair of boots (worn)
 l - a +0 pair of gloves (worn)
 z - a +1 helmet (worn)
 A - a +2 robe of cold resistance
 K - the scarf of Wudujiemm {+Inv, Dex+3}
   (You found it on level 1 of the Lair of Beasts)

   Dex:       It affects your dexterity (+3).
 L - a +2 cloak of stealth (worn)
 Q - the +4 ring mail of Satisfaction (worn) {rC+ MP+9}
   (You found it on level 11 of the Dungeon)

   rC:        It protects you from cold.
   MP:        It affects your magic capacity (+9).
Jewellery
 i - a ring of magical power (left hand)
 G - a +5 ring of evasion
 N - a +4 ring of slaying
 P - the ring of Weah (right hand) {Fire Str+4 Dex+3}
   (You found it on level 10 of the Dungeon)

   [ring of fire]

   It enhances your fire magic.
   Str:       It affects your strength (+4).
   Dex:       It affects your dexterity (+3).
   rF:        It protects you from fire.
   rC:        It makes you vulnerable to cold.
 R - the amulet "Xepaesei" (around neck) {Regen+ Dex+5}
   (You found it in a Gauntlet)

   [amulet of regeneration]

   Dex:       It affects your dexterity (+5).
   Regen:     It increases your rate of health regeneration.
Wands
 a - a wand of flame (19)
 d - a wand of mindburst (19)
 y - a wand of paralysis (8)
 H - a wand of light (7)
Scrolls
 e - 3 scrolls of amnesia
 m - 4 scrolls of teleportation
 p - a scroll of fear
 q - 3 scrolls of vulnerability
 x - a scroll of fog
 B - a scroll of magic mapping
 D - 6 scrolls of immolation
 J - 2 scrolls of silence
 O - a scroll of blinking
Potions
 c - a potion of resistance
 f - 6 potions of flight
 g - a potion of ambrosia
 k - 10 potions of curing
 n - 3 potions of brilliance
 r - 2 potions of might
 s - 4 potions of mutation
 t - 3 potions of lignification
 u - 6 potions of haste
 v - 3 potions of heal wounds
 w - 2 potions of cancellation
 I - 2 potions of magic
Miscellaneous
 M - a box of beasts (inert)
 S - a phantom mirror


   Skills:
 + Level 2.4 Fighting
 + Level 2.2 Short Blades
 + Level 1.0 Throwing
 + Level 3.6 Armour
 + Level 3.9 Dodging
 + Level 7.5 Stealth
 + Level 1.8 Shields
 + Level 12.2 Spellcasting
 + Level 10.3 Conjurations
 + Level 0.8 Transmutations
 + Level 11.2 Earth Magic
 + Level 1.1 Evocations


You had 3 spell levels left.
You knew the following spells:

 Your Spells              Type           Power      Damage    Failure   Level
a - Sandblast             Erth           100%       2d20      1%          1
b - Passwall              Tmut/Erth      33%        N/A       1%          2
c - Stone Arrow           Conj/Erth      100%       3d13      1%          3
d - Blink                 Tloc           26%        N/A       16%         2
e - Petrify               Tmut/Erth      40%        N/A       9%          4
f - Dispersal             Tloc           6%         N/A       100%        6
g - Summon Guardian Gole  Hex/Summ       13%        N/A       30%         3
h - Iron Shot             Conj/Erth      28%        9d6       19%         6
i - Statue Form           Tmut/Erth      26%        N/A       77%         6

Your spell library contained the following spells:

 Spells                   Type           Power      Damage    Failure   Level
 Momentum Strike          Conj/Tloc      72%        3d10      1%          2
 Hailstorm                Conj/Ice       36%        3d9       3%          3
 Freeze                   Ice            52%        1d6       10%         1
 Slow                     Hex            52%        N/A       10%         1
 Summon Small Mammal      Summ           52%        N/A       10%         1
 Lesser Beckoning         Tloc           26%        N/A       16%         2
 Call Canine Familiar     Summ           13%        N/A       30%         3
 Confusing Touch          Hex            13%        N/A       30%         3
 Frozen Ramparts          Ice            26%        1d4       30%         3
 Gell's Gravitas          Tloc           13%        N/A       30%         3
 Ozocubu's Armour         Ice            13%        N/A       30%         3
 Teleport Other           Tloc           13%        N/A       30%         3
 Tukima's Dance           Hex            13%        N/A       30%         3
 Vampiric Draining        Necr           13%        2d6       30%         3
 Animate Armour           Summ/Erth      76%        N/A       10%         4
 Manifold Assault         Tloc           13%        N/A       69%         4
 Passage of Golubria      Tloc           13%        N/A       69%         4
 Blade Hands              Tmut           8%         N/A       88%         5
 Yara's Violent Unravell  Hex/Tmut       7%         3d5       93%         5
 Metabolic Englaciation   Hex/Ice        6%         N/A       95%         5
 Summon Forest            Summ/Tloc      6%         N/A       95%         5
 Eringya's Noxious Bog    Tmut/Pois      7%         N/A       100%        6
 Simulacrum               Ice/Necr       6%         N/A       100%        6
 Storm Form               Tmut/Air       7%         N/A       100%        7
 Summon Hydra             Summ           6%         N/A       100%        7


Dungeon Overview and Level Annotations

Branches:
Dungeon (12/15)            Temple (1/1) D:6            Lair (1/5) D:8
    Orc (2/2) D:12            Elf (0/3) Orc:2       Ossuary (visited)
Gauntlet (visited)

Altars:
Ashenzari
Cheibriados
Dithmenos
Fedhas
Gozag
Hepliaklqana
Kikubaaqudgha
Makhleb
Nemelex Xobeh
Okawaru
Qazlal
Ru
Sif Muna
Trog
Uskayaw
Vehumet
Wu Jian
Xom
Yredelemnul

Annotations:
D:5 2 transporters, turdburglar's ghost, novice VSEn
D:8 4 transporters
Lair:1 3 runed translucent doors, viagra's ghost, novice MiBe


Innate Abilities, Weirdness & Mutations

Your demonic aura causes all spilled blood to erupt in flames.
You are mostly covered in sharp spines.
You have an extremely huge brain. (Int +4)


Message History

The two-headed ogre seems to speed up.
The stone arrow hits the two-headed ogre!
The two-headed ogre is heavily wounded.
The stone arrow hits the two-headed ogre!!
The two-headed ogre is almost dead.
The two-headed ogre is engulfed in blazing flames.
You kill the two-headed ogre!
Dithmenos accepts your kill.
The ogre mage points at the ogre and mumbles some strange words.
The ogre seems to speed up.
Something hits you.
The stone arrow hits the two-headed ogre.
The two-headed ogre is lightly wounded.
You hear some strange, mumbled words.
A bolt of magma appears from out of thin air!
The bolt of magma hits you!! You partially resist.
You hear two shouts!
You are too injured to fight recklessly!
You are too injured to fight recklessly!
You are too injured to fight recklessly!
Unknown command.
As you read the scroll of teleportation, it crumbles to dust.
You feel strangely unstable.
The ogre mage casts a spell at the two-headed ogre.
The two-headed ogre seems to speed up.
The ogre hits you with a +0 giant spiked club!
* * * LOW HITPOINT WARNING * * *
Something hits you!
* * * LOW HITPOINT WARNING * * *
A two-headed ogre comes into view. It is wielding two +0 giant clubs.
Unknown command.
You feel much better.
The ogre mage points at you and mumbles some strange words.
The bolt of magma hits you!! You partially resist.
The ogre is struck by your spines. The ogre closely misses you.
The two-headed ogre is engulfed in blazing flames.
The two-headed ogre is struck by your spines.
The two-headed ogre hits you with a +0 giant spiked club!!
* * * LOW HITPOINT WARNING * * *
The two-headed ogre hits you with a +0 giant club!
You die...

#..................OOOO,∩∩,,,,
#...............§.O.OOO,∩∩,,,,
#................§OO#,,,,,,,^*
##..............O§§.#,,,,,,,,*
#................O§.#,,,,,,,,*
#.............O.O§§.#,,,,,,,,*
##...........§°..§§§#,,,,,,,,*
#...........§.O{.§.§#*,,,,,,**
#...........§@§O.§§§#*,,,,,,**
#............§O..§..#**,,,,***
##...................#**,,***,
#......................,,,,,,,
#......................,,,,,,,
#......................,,,,,,*
#.....................,,,,,,,*
#....................,,,,,,,**
##.................,,,,,*,,,*


You could see 5 two-headed ogres, an ogre mage and 3 ogres.

Vanquished Creatures
  Azrael (D:12)
  A minotaur (Gauntlet)
  The ghost of nroviw the Spear-Bearer, a journeyman MiFi of Okawaru (D:10)
  An ogre mage (Orc:2)
  3 boulder beetles
  6 two-headed ogres
  A death scarab (Gauntlet)
  A glowing orange brain (Gauntlet)
  A necromancer (Gauntlet)
  An orc knight (Orc:2)
  4 ugly things
  An orc sorcerer (Orc:2)
  2 manticores (D:12)
  A black mamba (Lair:1)
  A cane toad (Lair:1)
  5 komodo dragons
  4 unseen horrors
  5 trolls
  3 hornets
  Grinder (D:4)
  A spectral dream sheep (Gauntlet)
  Sigmund (D:6)
  A vampire (D:12)
  A shadow (D:9)
  A wyvern (Lair:1)
  Eustachio (D:6)
  3 fire elementals (D:12)
  An unseen horror simulacrum (D:10)
  19 yaks
  A basilisk (Lair:1)
  5 vampire mosquitoes
  3 steam dragons
  5 wargs
  3 hell hounds (D:12)
  14 orc warriors
  A sky beast (D:7)
  4 black bears
  A meliai simulacrum (D:10)
  5 ice beasts
  The ghost of Fodor the Covered, an amateur MiFi (D:3)
  3 wolves (Gauntlet)
  8 ogres
  3 centaurs
  3 phantoms
  2 gnoll sergeants
  4 kobold brigands
  2 bullfrogs (D:8)
  A jelly (D:7)
  3 scorpions
  3 wights (D:7)
  17 killer bees
  6 howler monkeys
  2 hounds (D:6)
  Crazy Yiuf (D:3)
  14 orc priests
  14 orc wizards
  5 iguanas
  2 sleepcaps
  2 centaur simulacra (D:10)
  8 mummies (Ossuary)
  The ghost of spardeous the Ducker, a weakling FeEE (D:3)
  Robin (D:4)
  10 adders
  8 gnolls
  4 white imps
  An ufetubus (D:6)
  5 worms
  3 dart slugs
  60 orcs
  7 ball pythons
  6 endoplasms
  2 giant cockroaches
  15 goblins
  18 hobgoblins
  11 jackals
  5 quokkas
  9 bats
  3 frilled lizards
  3 gnoll zombies (Ossuary)
  22 kobolds
  4 kobold zombies (Ossuary)
  An orc zombie (Ossuary)
  4 rats
422 creatures vanquished.

Vanquished Creatures (others)
  A kobold (D:5)
1 creature vanquished.

Grand Total: 423 creatures vanquished

Notes
Turn   | Place    | Note
-------+----------+-------------------------------------------
     0 | D:1      | DemonSlayer the Demonspawn Earth Elementalist began the
                  | quest for the Orb.
     0 | D:1      | Reached XP level 1. HP: 13/13 MP: 3/3
   116 | D:1      | Gained mutation: Your demonic aura sometimes causes spilled
                  | blood to erupt in flames. [demonic ancestry]
   116 | D:1      | Reached XP level 2. HP: 15/19 MP: 0/5
   700 | D:2      | Gained mutation: You have an unusually large brain. (Int
                  | +2) [demonic ancestry]
   700 | D:2      | Reached XP level 3. HP: 24/24 MP: 1/6
   972 | D:2      | Found an ornate altar of the Wu Jian Council.
  1088 | D:2      | Found a faded altar of an unknown god.
  1132 | D:2      | Identified the +4 hand axe "Utovus" {venom, rN+ Int+2}
  1233 | D:2      | Reached skill level 3 in Spellcasting
  1233 | D:2      | Gained mutation: You are partially covered in sharp spines.
                  | [demonic ancestry]
  1233 | D:2      | Reached XP level 4. HP: 26/31 MP: 2/8
  1502 | D:2      | Learned a level 2 spell: Passwall
  1506 | D:2      | Learned a level 3 spell: Stone Arrow
  1816 | D:3      | Reached XP level 5. HP: 8/36 MP: 8/10
  1978 | D:3      | Found a stormy altar of Qazlal.
  2308 | D:3      | Found a runed translucent gate.
  2309 | D:3      | Found a runed translucent gate.
  2309 | D:3      | Found a runed translucent gate.
  2310 | D:3      | Noticed spardeous's ghost (weakling FeEE)
  2310 | D:3      | Noticed Fodor's ghost (amateur MiFi)
  2519 | D:3      | Found a runed translucent door.
  2520 | D:3      | Noticed Crazy Yiuf
  2795 | D:4      | Noticed a phantom
  3154 | D:4      | Reached skill level 4 in Spellcasting
  3322 | D:4      | Noticed Grinder
  3329 | D:4      | Killed Grinder
  3330 | D:4      | Gained mutation: Your demonic aura often causes spilled
                  | blood to erupt in flames. [demonic ancestry]
  3330 | D:4      | Reached XP level 6. HP: 20/42 MP: 5/12
  3501 | D:4      | Reached skill level 5 in Earth Magic
  3642 | D:4      | Noticed Robin
  3929 | D:4      | Reached XP level 7. HP: 47/47 MP: 14/14
  3979 | D:4      | Reached skill level 1 in Conjurations
  3985 | D:4      | Reached skill level 5 in Spellcasting
  4204 | D:4      | Killed Robin
  5404 | D:4      | Learned a level 2 spell: Blink
  5409 | D:4      | Learned a level 4 spell: Petrify
  5507 | D:5      | Entered Level 5 of the Dungeon
  5528 | D:5      | Found a transporter.
  5561 | D:5      | Noticed turdburglar's ghost (novice VSEn)
  5583 | D:5      | Found a transporter.
  5689 | D:5      | Reached skill level 1 in Short Blades
  5689 | D:5      | Gained mutation: You are mostly covered in sharp spines.
                  | [demonic ancestry]
  5689 | D:5      | Reached XP level 8. HP: 25/53 MP: 1/16
  6644 | D:6      | Found a staircase to the Ecumenical Temple.
  6655 | Temple   | Entered the Ecumenical Temple
  6773 | Temple   | Became a worshipper of Dithmenos the Shadowed
  6817 | D:6      | Noticed Eustachio
  6825 | D:6      | Killed Eustachio
  6826 | D:6      | Reached skill level 6 in Spellcasting
  7109 | D:6      | Noticed a two-headed ogre
  7114 | D:6      | Killed a two-headed ogre
  7115 | D:6      | Reached skill level 1 in Fighting
  7115 | D:6      | Reached skill level 5 in Stealth
  7115 | D:6      | Reached skill level 1 in Shields
  7115 | D:6      | Gained mutation: Your demonic aura causes all spilled blood
                  | to erupt in flames. [demonic ancestry]
  7115 | D:6      | Reached XP level 9. HP: 49/59 MP: 14/19
  7119 | D:6      | Found a sand-covered staircase.
  7128 | Ossuary  | Entered an ossuary
  7247 | Ossuary  | Reached skill level 7 in Spellcasting
  7250 | Ossuary  | Reached * piety under Dithmenos
  7686 | D:6      | Noticed Sigmund
  7689 | D:6      | Killed Sigmund
  7970 | D:6      | Learned a level 6 spell: Dispersal
  8655 | D:7      | Identified the +1 ring mail "Vizoaddo" {rC+ Int+2 Dex+2}
  8999 | D:7      | Reached skill level 8 in Spellcasting
  9036 | D:7      | Reached ** piety under Dithmenos
  9039 | D:7      | Reached skill level 5 in Conjurations
  9374 | D:7      | Learned a level 3 spell: Summon Guardian Golem
  9955 | D:8      | Reached XP level 10. HP: 65/65 MP: 22/22
 10151 | D:8      | Found a staircase to the Lair.
 10183 | D:8      | Reached skill level 9 in Spellcasting
 10596 | D:8      | Found a transporter.
 10629 | D:8      | Found a transporter.
 10631 | D:8      | Found a transporter.
 10652 | D:8      | Found a transporter.
 11267 | D:9      | Reached *** piety under Dithmenos
 11502 | D:9      | Found a shimmering altar of Xom.
 11508 | D:9      | Found a burning altar of Makhleb.
 11602 | D:9      | Found a sparkling altar of Nemelex Xobeh.
 11969 | D:9      | Learned a level 6 spell: Iron Shot
 11994 | D:10     | Entered Level 10 of the Dungeon
 12179 | D:10     | Reached XP level 11. HP: 59/71 MP: 24/24
 12554 | D:10     | Found a runed translucent gate.
 12555 | D:10     | Found a runed translucent gate.
 12556 | D:10     | Found a runed translucent gate.
 12786 | D:10     | Noticed nroviw's ghost (journeyman MiFi)
 13268 | D:3      | Killed spardeous's ghost
 13273 | D:3      | Killed Fodor's ghost
 13388 | D:3      | Killed Crazy Yiuf
 13587 | Lair:1   | Entered Level 1 of the Lair of Beasts
 13591 | Lair:1   | Noticed a minotaur
 13606 | Lair:1   | Identified the scarf of Wudujiemm {+Inv, Dex+3}
 13623 | Lair:1   | Reached skill level 10 in Spellcasting
 13795 | Lair:1   | Noticed a boulder beetle
 13815 | Lair:1   | Killed a boulder beetle
 13873 | Lair:1   | Noticed viagra's ghost (novice MiBe)
 13995 | Lair:1   | Found a runed translucent gate.
 13995 | Lair:1   | Found a runed translucent gate.
 13995 | Lair:1   | Found a runed translucent gate.
 14567 | Lair:1   | Noticed a four-headed hydra
 14838 | D:10     | Killed nroviw's ghost
 15090 | D:10     | Got the ring of Weah {Fire Str+4 Dex+3}
 15474 | D:11     | Reached **** piety under Dithmenos
 15668 | D:11     | Identified the +4 ring mail of Satisfaction {rC+ MP+9}
 15897 | D:11     | Reached skill level 10 in Earth Magic
 15897 | D:11     | Gained mutation: You have an extremely huge brain. (Int +4)
                  | [demonic ancestry]
 15897 | D:11     | Reached XP level 12. HP: 76/78 MP: 26/26
 16314 | D:12     | Noticed a boulder beetle
 16318 | D:12     | Found a staircase to the Orcish Mines.
 16484 | D:12     | Killed a boulder beetle
 16651 | D:12     | Reached skill level 1 in Armour
 16665 | D:12     | Noticed a boulder beetle
 16673 | D:12     | Killed a boulder beetle
 16674 | D:12     | Reached skill level 11 in Spellcasting
 16826 | D:12     | Noticed Azrael
 16856 | D:12     | Killed Azrael
 17485 | D:12     | Learned a level 6 spell: Statue Form
 17519 | Orc:1    | Entered Level 1 of the Orcish Mines
 17745 | Orc:1    | Reached ***** piety under Dithmenos
 18138 | Orc:2    | Entered Level 2 of the Orcish Mines
 18231 | Orc:2    | Found a gate leading to a gauntlet.
 18243 | Gauntlet | Entered a Gauntlet
 18243 | Gauntlet | Noticed a death scarab
 18243 | Gauntlet | Found a transporter.
 18386 | Gauntlet | Found a transporter.
 18400 | Gauntlet | Found a transporter.
 18404 | Gauntlet | Found a transporter.
 18407 | Gauntlet | Found a runed translucent gate.
 18407 | Gauntlet | Found a runed translucent gate.
 18407 | Gauntlet | Found a runed translucent gate.
 18409 | Gauntlet | Found a transporter.
 18418 | Gauntlet | Found the +2 hat of the Bear Spirit {Spirit, Bear, *Rage
                  | Will++}
 18423 | Gauntlet | Found a runed translucent door.
 18425 | Gauntlet | Found a transporter.
 18436 | Gauntlet | Found a transporter.
 18438 | Gauntlet | Noticed a minotaur
 18441 | Gauntlet | Noticed a hell beast
 18447 | Gauntlet | Found a transporter.
 18452 | Gauntlet | Found a transporter.
 18469 | Gauntlet | Found a transporter.
 18480 | Gauntlet | Found a transporter.
 18481 | Gauntlet | Found a transporter.
 18527 | Gauntlet | Found a runed translucent door.
 18533 | Gauntlet | Found a transporter.
 18546 | Gauntlet | Found a transporter.
 18633 | Gauntlet | Killed a death scarab
 18776 | Gauntlet | Reached skill level 12 in Spellcasting
 18776 | Gauntlet | Reached skill level 10 in Conjurations
 18850 | Gauntlet | Identified the +1 arbalest "Maucoh" {freeze, Str+4 Dex+3}
 18853 | Gauntlet | Identified the amulet "Xepaesei" {Regen+ Dex+5}
 18885 | Gauntlet | Killed a minotaur
 18886 | Gauntlet | Reached XP level 13. HP: 85/85 MP: 29/29
 19091 | Orc:2    | Found a staircase to the Elven Halls.
 19237 | Orc:2    | Reached skill level 1 in Evocations
 19239 | Orc:2    | Reached skill level 1 in Throwing
 19249 | Orc:2    | Slain by a two-headed ogre

Illustrated notes

Levels and vault maps discovered:
D:1:      dpeg_arrival_pond, layout_rooms
D:2:      layout_loops_ring, basic_altar, basic_ecumenical_altar,
          minmay_tromino_v4_a
D:3:      layout_basic, chequers_temple_overflow_statue_of_worship,
          gammafunk_ghost_cemetery, serial_park_tiny_pond,
          uniq_crazy_yiuf_cottage
D:4:      layout_layer_cave, corexii_shack, uniq_grinder, uniq_robin
D:5:      layout_basic, gammafunk_ghost_arena
D:6:      layout_basic, minmay_temple_entry_poolview, enter_ossuary_1,
          st_stairs_14, uniq_sigmund, uniq_eustachio
D:7:      layout_basic
D:8:      layout_loops_corners, grunt_lair_entry_orc_guard_hut,
          nicolae_transporter_circle
D:9:      layout_roguey, grunt_temple_overflow_cloverleaf, grunt_ministairs_2,
          nicolae_elevator_lobby_asterisk
D:10:     layout_cave_pools, gammafunk_ghost_icy
D:11:     layout_small_grid
D:12:     layout_basic, erik_orc_4, uniq_azrael
Temple:   eino_temple_scatter_basement
Lair:1:   layout_chaotic_city, maelrawn_ghost_gauntlet_escape
Orc:1:    layout_caves
Orc:2:    st_orc_ogre_mass, layout_caves, gauntlet_entry_generic

Skill      XL: |  1  2  3  4  5  6  7  8  9 10 11 12 13 |
---------------+----------------------------------------+-----
Earth Magic    | 3 4 5 6 7 8 10 11 | 11.2
Spellcasting   | 3 4 5 6 8 9 10 12 | 12.2
Dodging        | 2 3 |  3.9
Stealth        | 2 3 5 7 |  7.5
Conjurations   | 2 4 5 7 8 10 | 10.3
Short Blades   | 1 2 |  2.2
Fighting       | 1 2 |  2.4
Shields        | 1 |  1.8
Armour         | 3 |  3.6
Evocations     | 1 |  1.1
Throwing       | 1 |  1.0
Transmutations | |  0.8

Action                     |  1- 3 |  4- 6 |  7- 9 | 10-12 | 13-15 || total
---------------------------+-------+-------+-------+-------+-------++-------
  Melee: Unarmed           |     1 |       |       |       |       ||     1
         Short sword       |    37 |     5 |    19 |       |       ||    61
         Dagger            |       |       |    29 |    25 |     8 ||    62
  Throw: Dart              |       |       |       |     4 |       ||     4
         Throwing net      |       |       |       |     2 |       ||     2
   Cast: Sandblast         |    59 |    55 |    15 |       |       ||   129
         Stone Arrow       |       |    20 |   142 |   304 |    20 ||   486
  Evoke: Wand              |       |       |       |     4 |     3 ||     7
         Box of beasts     |       |       |       |       |     1 ||     1
    Use: Potion            |     1 |       |     4 |     5 |     1 ||    11
         Scroll            |       |     3 |    14 |    11 |     2 ||    30
   Stab: Sleeping          |       |     1 |     8 |     6 |       ||    15
 Armour: Robe              |    12 |    11 |    15 |    28 |       ||    66
         Ring mail         |       |       |       |    27 |     6 ||    33
  Dodge: Dodged            |    59 |    22 |    46 |   100 |     3 ||   230
  Block: Other             |       |     9 |    14 |    10 |       ||    33
         Reflection        |       |       |     2 |     1 |       ||     3
